PAA
MINNESOTA LOONS @ FT. POLK SOUTH THUNDER HAWKS
09/18/2037
 
TOP OF THE 1ST
Minnesota Loons batting - Pitching for Ft. Polk South Thunder Hawks : RHP Daryl Keirl
Pitching: RHP Daryl Keirl
Batting: RHB Javier Vázquez 0-0: Called Strike
0-1: Ball
1-1: Ball
2-1: Ball
3-1: Base on Balls
Batting: RHB Salvador Gisbert 0-0: Ball
1-0: Called Strike
1-1: Foul Ball, location: 2F
1-2: Ball
2-2: Fly out, F8 (Flyball, 8LD, EV 85.6 MPH)
Batting: RHB Igme Samson 0-0: Ball
Javier Vázquez steals 2nd base
1-0: Foul Ball, location: 2F
1-1: Called Strike
1-2: Ball
2-2: Ground out 1-3 (Groundball, P, EV 84.4 MPH)
Javier Vázquez to third
Batting: LHB Mauro López 0-0: Ground out 4-3 (Groundball, 4, EV 90.0 MPH)
Top of the 1st over - 0 runs, 0 hits, 0 errors, 1 left on base; Minnesota 0 - Ft. Polk South 0
BOTTOM OF THE 1ST
Ft. Polk South Thunder Hawks batting - Pitching for Minnesota Loons : LHP Ids Knegt
Pitching: LHP Ids Knegt
Batting: RHB Yasuhide Nakashima 0-0: Called Strike
0-1: Foul Ball, location: 2F
0-2: Strikes out swinging
Batting: RHB Terry Kurucz 0-0: Called Strike
0-1: Swinging Strike
0-2: Ball
1-2: Foul Ball, location: 2F
1-2: Ball
2-2: Fly out, F2 (Popup, 23F, EV 85.6 MPH)
Batting: LHB Carlos Castro 0-0: Foul Ball, location: 2F
0-1: Ball
1-1: Foul Ball, location: 2F
1-2: Foul Ball, location: 2F
1-2: Ball
2-2: Foul Ball, location: 2F
2-2: Ball
3-2: SOLO HOME RUN (Flyball, 9D, EV 111.2 MPH), Distance : 367 ft
Batting: LHB Anastasio Flores 0-0: Called Strike
0-1: Called Strike
0-2: Ball
1-2: Ball
2-2: Foul Ball, location: 2F
2-2: SINGLE (Groundball, 6D, EV 96.9 MPH)
Batting: LHB Gregory Clement 0-0: Foul Ball, location: 2F
0-1: Ball
1-1: Ball
2-1: SINGLE (Groundball, 6MD, EV 100.6 MPH)
Anastasio Flores to second
Batting: RHB Miguel Pacheco 0-0: Ball
1-0: Fielders Choice at 2nd, 5-4 (Groundball, 56, EV 85.6 MPH)
Bottom of the 1st over - 1 run, 3 hits, 0 errors, 2 left on base; Minnesota 0 - Ft. Polk South 1
TOP OF THE 2ND
Minnesota Loons batting - Pitching for Ft. Polk South Thunder Hawks : RHP Daryl Keirl
Batting: SHB Milojica Kordic 0-0: Ball
1-0: Ball
2-0: Foul Ball, location: 2F
2-1: Foul Ball, location: 2F
2-2: Ball
3-2: SINGLE (Groundball, 3D, EV 101.2 MPH)
Batting: RHB Jason Watts 0-0: Ball
1-0: Foul Ball, location: 2F
1-1: Fly out, F9 (Flyball, 89D, EV 91.9 MPH)
Batting: RHB Manny Moons 0-0: Called Strike
Milojica Kordic steals 2nd base (no throw)
0-1: Swinging Strike
0-2: Foul Ball, location: 2F
0-2: Ball
1-2: Strikes out swinging
Batting: RHB John Lester 0-0: Ball
1-0: Foul Ball, location: 2F
1-1: Ball
2-1: Swinging Strike
2-2: SINGLE (Line Drive, 89M, EV 110.0 MPH)
Milojica Kordic to third
Runner from 3rd tries for Home, SAFE, throw by CF to home
Batting: RHB Alejandro Blasco 0-0: Foul Ball, location: 2F
0-1: Foul Ball, location: 2F
0-2: Ball
1-2: SINGLE (Line Drive, 4MD, EV 98.1 MPH)
John Lester to second
Runner from 2nd tries for 3rd, SAFE, no throw by CF
Batting: RHB Javier Vázquez 0-0: Ball
1-0: Ball
2-0: Ball
3-0: Called Strike
3-1: Fielders Choice at 2nd, U6 (Groundball, 6M, EV 83.8 MPH)
Top of the 2nd over - 1 run, 3 hits, 0 errors, 2 left on base; Minnesota 1 - Ft. Polk South 1
BOTTOM OF THE 2ND
Ft. Polk South Thunder Hawks batting - Pitching for Minnesota Loons : LHP Ids Knegt
Batting: RHB Lucas Gallant 0-0: Ball
1-0: Called Strike
1-1: Ball
2-1: Foul Ball, location: 2F
2-2: Ground out 4-3 (Groundball, 4, EV 79.4 MPH)
Batting: LHB Marc Ben 0-0: Foul Ball, location: 2F
0-1: Ball
1-1: Ball
2-1: SINGLE (Line Drive, 9S, EV 96.2 MPH)
Batting: RHB César Salvatierra 0-0: Ball
1-0: Hit by Pitch
Marc Ben to second
Batting: RHB Yasuhide Nakashima 0-0: Ball
1-0: Grounds into double play, 5-4-3 (Groundball, 5, EV 86.9 MPH)
Bottom of the 2nd over - 0 runs, 1 hit, 0 errors, 1 left on base; Minnesota 1 - Ft. Polk South 1
TOP OF THE 3RD
Minnesota Loons batting - Pitching for Ft. Polk South Thunder Hawks : RHP Daryl Keirl
Batting: RHB Salvador Gisbert 0-0: Ball
1-0: Ball
2-0: Ground out 5-3 (Groundball, 5, EV 88.8 MPH)
Batting: RHB Igme Samson 0-0: Ball
1-0: Foul Ball, location: 2F
1-1: Ball
2-1: Foul Ball, location: 2F
2-2: Fly out, F7 (Flyball, 7D, EV 85.0 MPH)
Batting: LHB Mauro López 0-0: Ball
1-0: Called Strike
1-1: SINGLE (Groundball, 6MD, EV 103.8 MPH)
Batting: SHB Milojica Kordic 0-0: Called Strike
0-1: Ball
1-1: Foul Ball, location: 2F
1-2: Ball
2-2: Foul Ball, location: 2F
2-2: SINGLE (Groundball, 4MD, EV 108.8 MPH)
Mauro López to second
Batting: RHB Jason Watts 0-0: Called Strike
0-1: Ball
1-1: Fly out, F8 (Flyball, 89M, EV 95.0 MPH)
Top of the 3rd over - 0 runs, 2 hits, 0 errors, 2 left on base; Minnesota 1 - Ft. Polk South 1
BOTTOM OF THE 3RD
Ft. Polk South Thunder Hawks batting - Pitching for Minnesota Loons : LHP Ids Knegt
Batting: RHB Terry Kurucz 0-0: Called Strike
0-1: Called Strike
0-2: Strikes out swinging
Batting: LHB Carlos Castro 0-0: Called Strike
0-1: Called Strike
0-2: Strikes out swinging
Batting: LHB Anastasio Flores 0-0: Ball
1-0: Swinging Strike
1-1: Called Strike
1-2: Ball
2-2: Fly out, F8 (Flyball, 89S, EV 88.1 MPH)
Bottom of the 3rd over - 0 runs, 0 hits, 0 errors, 0 left on base; Minnesota 1 - Ft. Polk South 1
TOP OF THE 4TH
Minnesota Loons batting - Pitching for Ft. Polk South Thunder Hawks : RHP Daryl Keirl
Batting: RHB Manny Moons 0-0: Swinging Strike
0-1: Foul Ball, location: 2F
0-2: Fly out, F8 (Line Drive, 8RM, EV 95.0 MPH)
Batting: RHB John Lester 0-0: Called Strike
0-1: Bunt for hit to 3S - play at first, batter OUT! 3-4
Batting: RHB Alejandro Blasco 0-0: Called Strike
0-1: Swinging Strike
0-2: Ball
1-2: Strikes out swinging
Top of the 4th over - 0 runs, 0 hits, 0 errors, 0 left on base; Minnesota 1 - Ft. Polk South 1
BOTTOM OF THE 4TH
Ft. Polk South Thunder Hawks batting - Pitching for Minnesota Loons : LHP Ids Knegt
Batting: LHB Gregory Clement 0-0: Called Strike
0-1: Ball
1-1: Fly out, F8 (Flyball, 8RS, EV 91.9 MPH)
Batting: RHB Miguel Pacheco 0-0: Foul Ball, location: 2F
0-1: Swinging Strike
0-2: Strikes out swinging
Batting: RHB Lucas Gallant 0-0: Called Strike
0-1: Called Strike
0-2: SINGLE (Groundball, 6MD, EV 96.2 MPH)
Batting: LHB Marc Ben Pickoff Throw to First - Error! E1
Lucas Gallant to second
0-0: Ball
1-0: SINGLE (Groundball, 56D, EV 98.1 MPH)
Lucas Gallant to third
Runner from 3rd tries for Home, SAFE, throw by LF to home
Batting: RHB César Salvatierra 0-0: Reached on error, E6 (Groundball, 6, EV 105.6 MPH)
Marc Ben to second
Batting: RHB Yasuhide Nakashima 0-0: TRIPLE (Flyball, 9LD, EV 112.5 MPH)
Marc Ben scores
César Salvatierra scores
Batting: RHB Terry Kurucz 0-0: Called Strike
0-1: Foul Ball, location: 2F
0-2: Ball
1-2: Strikes out looking
Bottom of the 4th over - 3 runs, 3 hits, 2 errors, 1 left on base; Minnesota 1 - Ft. Polk South 4
TOP OF THE 5TH
Minnesota Loons batting - Pitching for Ft. Polk South Thunder Hawks : RHP Daryl Keirl
Batting: RHB Javier Vázquez 0-0: Called Strike
0-1: Foul Ball, location: 2F
0-2: Strikes out swinging
Batting: RHB Salvador Gisbert 0-0: Ball
1-0: Swinging Strike
1-1: TRIPLE (Flyball, 8LXD, EV 103.1 MPH)
Batting: RHB Igme Samson 0-0: Ball
1-0: Fly out, F3 (Line Drive, 3, EV 72.5 MPH)
Batting: LHB Mauro López 0-0: Ball
1-0: Ball
2-0: Ball
3-0: Base on Balls
Pitching: RHP Bailey Achurch
Batting: SHB Milojica Kordic 0-0: Called Strike
Mauro López steals 2nd base
0-1: Ball
1-1: Foul Ball, location: 2F
1-2: Foul Ball, location: 2F
1-2: Ball
2-2: Ball
3-2: Ground out 4-3 (Groundball, 4S, EV 86.2 MPH)
Top of the 5th over - 0 runs, 1 hit, 0 errors, 2 left on base; Minnesota 1 - Ft. Polk South 4
BOTTOM OF THE 5TH
Ft. Polk South Thunder Hawks batting - Pitching for Minnesota Loons : LHP Ids Knegt
Batting: LHB Carlos Castro 0-0: Swinging Strike
0-1: Foul Ball, location: 2F
0-2: Ball
1-2: Ball
2-2: Foul Ball, location: 2F
2-2: Fly out, F8 (Flyball, 8LS, EV 96.2 MPH)
Batting: LHB Anastasio Flores 0-0: Ball
1-0: Called Strike
1-1: Ball
2-1: Fly out, F6 (Line Drive, 6, EV 64.4 MPH)
Batting: LHB Gregory Clement 0-0: Called Strike
0-1: SINGLE (Groundball, 56D, EV 100.6 MPH)
Batting: RHB Miguel Pacheco 0-0: Foul Ball, location: 2F
0-1: Foul Ball, location: 2F
0-2: Strikes out swinging
Bottom of the 5th over - 0 runs, 1 hit, 0 errors, 1 left on base; Minnesota 1 - Ft. Polk South 4
TOP OF THE 6TH
Minnesota Loons batting - Pitching for Ft. Polk South Thunder Hawks : RHP Bailey Achurch
Batting: RHB Jason Watts 0-0: Called Strike
0-1: Swinging Strike
0-2: Strikes out swinging
Batting: RHB Manny Moons 0-0: SINGLE (Line Drive, 89M, EV 105.0 MPH)
Batting: RHB John Lester 0-0: Ball
1-0: Ball
2-0: Called Strike
2-1: Ball
3-1: Foul Ball, location: 2F
3-2: Foul Ball, location: 2F
3-2: Base on Balls
Manny Moons to second
Batting: RHB Alejandro Blasco 0-0: Called Strike
0-1: Ball
1-1: Called Strike
1-2: Ball
2-2: Ball
3-2: Strikes out swinging
Batting: RHB Javier Vázquez 0-0: Called Strike
0-1: Called Strike
0-2: Ball
1-2: Fielders Choice at 2nd, 5-4 (Groundball, 56, EV 88.8 MPH)
Top of the 6th over - 0 runs, 1 hit, 0 errors, 2 left on base; Minnesota 1 - Ft. Polk South 4
BOTTOM OF THE 6TH
Ft. Polk South Thunder Hawks batting - Pitching for Minnesota Loons : LHP Ids Knegt
Batting: RHB Lucas Gallant 0-0: Ball
1-0: Ball
2-0: Ball
3-0: Base on Balls
Batting: LHB Marc Ben 0-0: Foul Ball, location: 2F
0-1: Called Strike
0-2: Ball
1-2: Ball
2-2: Strikes out swinging
Batting: RHB César Salvatierra 0-0: Called Strike
0-1: Ball
1-1: Ball
2-1: Foul Ball, location: 2F
2-2: Ball
3-2: Foul Ball, location: 2F
3-2: Fly out, F3 (Line Drive, 3, EV 68.8 MPH)
Lined into DP, U3 (Line Drive, 3, EV 63.1 MPH)
Bottom of the 6th over - 0 runs, 0 hits, 0 errors, 0 left on base; Minnesota 1 - Ft. Polk South 4
TOP OF THE 7TH
Minnesota Loons batting - Pitching for Ft. Polk South Thunder Hawks : RHP Bailey Achurch
Batting: RHB Salvador Gisbert 0-0: Called Strike
0-1: Foul Ball, location: 2F
0-2: Ground out 6-3 (Groundball, 6, EV 101.9 MPH)
Batting: RHB Igme Samson 0-0: Ball
1-0: Foul Ball, location: 2F
1-1: SINGLE (Groundball, 4, EV 92.5 MPH) (infield hit)
Pitching: RHP Ralph Owens
Batting: LHB Mauro López 0-0: Called Strike
0-1: Ball
1-1: Foul Ball, location: 2F
1-2: Strikes out swinging
Batting: SHB Milojica Kordic 0-0: Ball
1-0: Ball
2-0: Ball
3-0: Foul Ball, location: 2F
3-1: Foul Ball, location: 2F
3-2: Foul Ball, location: 2F
3-2: Base on Balls
Igme Samson to second
Batting: RHB Jason Watts 0-0: Ball
1-0: Called Strike
1-1: Ball
2-1: Called Strike
2-2: SINGLE (Line Drive, 89S, EV 110.0 MPH)
Igme Samson to third
Milojica Kordic to second
Batting: RHB Manny Moons 0-0: Ball
1-0: Ball
2-0: Ball
3-0: Called Strike
3-1: TRIPLE (Flyball, 78XD, EV 88.1 MPH)
Igme Samson scores
Milojica Kordic scores
Jason Watts scores
Batting: RHB John Lester 0-0: Ball
1-0: Foul Ball, location: 2F
1-1: Fly out, F9 (Flyball, 9, EV 82.5 MPH)
Top of the 7th over - 3 runs, 3 hits, 0 errors, 1 left on base; Minnesota 4 - Ft. Polk South 4
BOTTOM OF THE 7TH
Ft. Polk South Thunder Hawks batting - Pitching for Minnesota Loons : LHP Ids Knegt
Pitching: RHP Ye-qing Tsai
Batting: RHB Yasuhide Nakashima 0-0: Called Strike
0-1: Foul Ball, location: 2F
0-2: Ball
1-2: Ground out 1-3 (Groundball, 13, EV 63.1 MPH)
Batting: RHB Terry Kurucz 0-0: Ball
1-0: Foul Ball, location: 2F
1-1: Foul Ball, location: 2F
1-2: Ball
2-2: Foul Ball, location: 2F
2-2: Ball
3-2: Foul Ball, location: 2F
3-2: Base on Balls
Batting: LHB Carlos Castro 0-0: Called Strike
0-1: Ball
1-1: Ball
Terry Kurucz steals 2nd base
2-1: Swinging Strike
2-2: Foul Ball, location: 2F
2-2: Ball
3-2: Fly out, F6 (Popup, 6M, EV 61.9 MPH)
Batting: LHB Anastasio Flores 0-0: Called Strike
0-1: Ground out 3-1 (Groundball, 34, EV 106.2 MPH)
Bottom of the 7th over - 0 runs, 0 hits, 0 errors, 1 left on base; Minnesota 4 - Ft. Polk South 4
TOP OF THE 8TH
Minnesota Loons batting - Pitching for Ft. Polk South Thunder Hawks : RHP Ralph Owens
Batting: RHB Alejandro Blasco 0-0: Fly out, F9 (Flyball, 9D, EV 91.9 MPH)
Batting: RHB Javier Vázquez 0-0: Foul Ball, location: 2F
0-1: Ball
1-1: Foul Ball, location: 2F
1-2: Ball
2-2: Fly out, F7 (Flyball, 7S, EV 95.0 MPH)
Batting: RHB Salvador Gisbert 0-0: Called Strike
0-1: Called Strike
0-2: Strikes out swinging
Top of the 8th over - 0 runs, 0 hits, 0 errors, 0 left on base; Minnesota 4 - Ft. Polk South 4
BOTTOM OF THE 8TH
Ft. Polk South Thunder Hawks batting - Pitching for Minnesota Loons : RHP Ye-qing Tsai
Batting: LHB Gregory Clement 0-0: Ball
1-0: Swinging Strike
1-1: Called Strike
1-2: Ball
2-2: Foul Ball, location: 2F
2-2: Ball
3-2: Foul Ball, location: 2F
3-2: Base on Balls
Batting: RHB Miguel Pacheco 0-0: Ball
1-0: Bunted foul
1-1: Sac Bunt to 13S - play at first, batter OUT! 1-4
Gregory Clement to second
Batting: RHB Lucas Gallant 0-0: Ball
1-0: Ball
2-0: Called Strike
2-1: Foul Ball, location: 2F
2-2: Foul Ball, location: 2F
2-2: Ball
3-2: Base on Balls
Batting: LHB Marc Ben 0-0: Called Strike
Gregory Clement is caught stealing 3rd base 2-5
0-1: Foul Ball, location: 2F
0-2: Ball
Lucas Gallant is caught stealing 2nd base 2-6
Bottom of the 8th over - 0 runs, 0 hits, 0 errors, 0 left on base; Minnesota 4 - Ft. Polk South 4
TOP OF THE 9TH
Minnesota Loons batting - Pitching for Ft. Polk South Thunder Hawks : RHP Ralph Owens
Batting: RHB Igme Samson 0-0: Foul Ball, location: 2F
0-1: Foul Ball, location: 2F
0-2: Ground out 6-3 (Groundball, 6, EV 103.1 MPH)
Pitching: RHP Dan Porter
Batting: LHB Mauro López 0-0: Ball
1-0: Ball
2-0: Called Strike
2-1: Called Strike
2-2: Ball
3-2: Foul Ball, location: 2F
3-2: Ground out 4-3 (Groundball, 4, EV 80.6 MPH)
Batting: SHB Milojica Kordic 0-0: Called Strike
0-1: Ball
1-1: Swinging Strike
1-2: Strikes out swinging
Top of the 9th over - 0 runs, 0 hits, 0 errors, 0 left on base; Minnesota 4 - Ft. Polk South 4
BOTTOM OF THE 9TH
Ft. Polk South Thunder Hawks batting - Pitching for Minnesota Loons : RHP Ye-qing Tsai
Batting: LHB Marc Ben 0-0: SINGLE (Line Drive, 78M, EV 100.0 MPH)
Pitching: RHP Melchor Morse
Pinch Hitting: RHB Ruggiero Veneziano 0-0: Sac Bunt to 25 - play at first, batter OUT! 5-3
Marc Ben to second
Batting: RHB Yasuhide Nakashima 0-0: Intentional Walk
Pinch Runner at 2nd Roberto Baca:
Batting: RHB Terry Kurucz 0-0: Ball
1-0: SINGLE (Line Drive, 6MD, EV 97.5 MPH)
Roberto Baca to third
Yasuhide Nakashima to second
Batting: LHB Carlos Castro 0-0: Called Strike
0-1: Ball
1-1: Foul Ball, location: 2F
1-2: Foul Ball, location: 2F
1-2: Ball
Wild Pitch!
Roberto Baca scores
Thursday, January 23rd, 2020 - OOTP Baseball 20.8 Build 74